 Dungeon Crawl Stone Soup version 0.23.2-33-g5129a83184 (webtiles) character file.

Game seed: 15484728855827716714

140 Lauz the Shield-Bearer (level 5, -6/32 HPs)
             Began as a Gargoyle Fighter on July 9, 2019.
             Was an Initiate of Vehumet.
             Killed by divine providence
             ... invoked by an orc priest
              (12 damage)
             ... on level 4 of the Dungeon.
             The game lasted 00:06:47 (2819 turns).

Lauz the Shield-Bearer (Gargoyle Fighter)           Turns: 2819, Time: 00:06:48

Health: -6/32      AC: 10    Str: 20    XL:     5   Next: 23%
Magic:  5/5        EV:  7    Int:  9    God:    Vehumet [......]
Gold:   228        SH:  9    Dex:  9    Spells: 4/4 levels left

rFire    . . .     SeeInvis .   a - +0 flail
rCold    . . .     Gourm    .   c - +0 shield
rNeg     + . .     Faith    .   b - +0 scale mail
rPois    ∞         Spirit   .   (no helmet)
rElec    +         Reflect  .   (no cloak)
rCorr    .         Harm     .   (no gloves)
MR       .....                  (no boots)
Stlth    ..........             (no amulet)
HPRegen  0.10/turn              m - ring of flight
MPRegen  0.09/turn              (no ring)

@: about to teleport
A: negative energy resistance 1, electricity resistance, unbreathing,
petrification resistance, rot immunity, AC +4
a: Renounce Religion, Evoke Flight


You were on level 4 of the Dungeon.
You worshipped Vehumet.
Vehumet was noncommittal.
You were not hungry.

You visited 1 branch of the dungeon, and saw 4 of its levels.

You collected 228 gold pieces.

Inventory:

Hand Weapons
 a - a +0 flail (weapon)
Armour
 b - a +0 scale mail (worn)
 c - a +0 shield (worn)
Jewellery
 h - an uncursed amulet of magic regeneration {unknown}
 m - a ring of flight (left hand)
Wands
 n - a wand of digging (8)
Scrolls
 e - a scroll of fog
 j - 2 scrolls of teleportation
 k - 2 scrolls of identify
Potions
 d - a potion of might
 g - a potion of magic {unknown}
 l - 2 potions of mutation
 q - a potion of heal wounds {unknown}
Comestibles
 f - 7 rations


   Skills:
 + Level 3.6 Fighting
 * Level 3.8 Maces & Flails
 + Level 3.6 Armour
 + Level 0.7 Dodging
 + Level 4.3 Shields


You had 4 spell levels left.
You didn't know any spells.
Your spell library was empty.

Dungeon Overview and Level Annotations

Branches:
Dungeon (4/15)
 Temple: D:4-7

Altars:
Vehumet


Innate Abilities, Weirdness & Mutations

You are resistant to torment.
Your stone body is resilient. (AC +4)
You are immune to poison.
You resist negative energy. (rN+)
You are resistant to electric shocks. (rElec)
You can survive without breathing.
You are immune to petrification.
You are immune to rotting.


Message History

You hit something but do no damage. You block the orc priest's attack.
Something hits you but does no damage.
You barely miss something.
The orc priest hits you but does no damage.
Something hits you but does no damage.
The orc priest hits you but does no damage.
You hear some strange, mumbled words.
Something tries to affect you, but you resist.
You miss something. You block the orc priest's attack.
Something hits you but does no damage.
You barely miss something. You block the orc priest's attack.
You hear some strange, mumbled words.
A puff of flame appears from out of thin air!
The puff of flame hits you!
* * * LOW HITPOINT WARNING * * *
As you read the scroll of teleportation, it crumbles to dust.
You feel strangely unstable.
The orc priest mumbles some strange prayers to Beogh against you.
Beogh smites you!
You die...

# .# #. .# ##'#
.# #...# .###
.....# ##...# #
......# ##.##.#
####
.......####...#.#
...+
.......'oo@{....#
..#
......(####...#.#
#.# ......#
##.##.# #.#
.....# ####.# #.#
#.o.# ##.## #.#
##'# ##...## #.#
###.#####
##.....## #.#
#.......#
#....)..# #.#
#.#.###.#
##..<..##


You could see an orc priest and an orc.

Vanquished Creatures
  Ijyb (D:4)
  3 adders
  A worm (D:2)
  A dart slug (D:1)
  2 leopard geckos
  An orc (D:4)
  13 bats
  2 giant cockroaches (D:1)
  13 goblins
  14 hobgoblins
  4 jackals (D:1)
  A quokka (D:4)
  2 frilled lizards
  8 kobolds
  9 rats
75 creatures vanquished.

Notes
Turn   | Place    | Note
-------+----------+-------------------------------------------
     0 | D:1      | Lauz the Gargoyle Fighter began the quest for the Orb.
     0 | D:1      | Reached XP level 1. HP: 14/14 MP: 1/1
    86 | D:1      | Reached XP level 2. HP: 19/19 MP: 2/2
   301 | D:1      | Reached XP level 3. HP: 16/23 MP: 3/3
  1044 | D:2      | Reached XP level 4. HP: 26/28 MP: 4/4
  1046 | D:2      | Reached skill level 4 in Shields
  1832 | D:3      | Found a radiant altar of Vehumet.
  2316 | D:3      | Became a worshipper of Vehumet
  2758 | D:4      | Noticed Ijyb
  2784 | D:4      | Killed Ijyb
  2784 | D:4      | Reached XP level 5. HP: 32/32 MP: 5/5
  2819 | D:4      | Killed from afar by an orc priest

Skill      XL: |  1  2  3  4 |
---------------+-------------+-----
Maces & Flails | 3 |  3.8
Shields        | 4 |  4.3
Fighting       | |  3.6
Armour         | |  3.6
Dodging        | |  0.7

Action                   |  1- 3 |  4- 6 || total
-------------------------+-------+-------++-------
Melee: Flail             |   187 |   147 ||   334
  Use: Scroll            |       |     8 ||     8
  Eat: Chunk             |     1 |     3 ||     4
       Ration            |       |     1 ||     1
Armor: Scale mail        |   140 |    79 ||   219
Dodge: Dodged            |    97 |    49 ||   146
Block: Shield            |   131 |    84 ||   215
